Cogmind - Beta 14 @@@ ROGUE MODE // 2025.03.13 @ 14:10:46 Player: canerib Result: Destroyed by H-71 Marshal with Heavy Mass Driver Performance ------------- Evolutions (7) 3500 Regions Visited (10) 2000 Robots Destroyed (51) 255 Value Destroyed (1608) 1608 Prototype IDs (4) 80 Alien Tech Used (0) 0 Bonus (1019) 1019 TOTAL SCORE: 8462 Bonus ------- High Alert Combat Kills 19 Entered DSFs 1000 Cogmind --------- Core Integrity 0/1300 Matter 300/300 Energy 98/100 System Corruption 0% Temperature Cool (0) Movement Core (50) Location -3/Research Parts ------- > --- POWER (3) -------- (None) > --- PROPULSION (8) --- (None) > --- UTILITY (6) ------ (None) > --- WEAPON (4) ------- (None) > --- INVENTORY (5) ---- Micro Nuclear Core Angular Momentum Engine Hardlight Generator Antimissile System Advanced Hacking Suite Peak State ------------ > --- POWER ------------ Micro Antimatter Reactor Micro Antimatter Reactor > --- PROPULSION ------- Centrium Wheel Centrium Wheel Centrium Wheel Centrium Wheel Centrium Wheel Centrium Wheel Centrium Wheel > --- UTILITY ---------- Improved Cooling System Large Storage Unit Advanced Sensor Array Improved Actuator Array Improved Actuator Array Improved Utility Shielding > --- WEAPON ----------- Force Lance Force Lance Force Lance > --- INVENTORY -------- Micro Nuclear Core Angular Momentum Engine Terrain Scan Processor Seismic Detector Improved Utility Shielding Improved Focal Shield Hardlight Generator Force Field Antimissile System Advanced Hacking Suite [Rating: 113] Favorites ----------- Power Micro Nuclear Core Engine Ion Engine Power Core Micro Nuclear Core Reactor Micro Antimatter Reactor Propulsion Xenon Bombardment Thruster Leg Aluminum Leg Wheel Centrium Wheel Flight Unit Xenon Bombardment Thruster Utility Large Storage Unit Device Improved Cooling System Storage Large Storage Unit Processor Terrain Scan Processor Protection Hardened Medium Armor Plating Weapon Medium Laser Energy Gun Medium Laser Energy Cannon Improved EM Pulse Cannon Ballistic Gun Heavy Assault Rifle Ballistic Cannon Enhanced Gauss Cannon Launcher Grenade Launcher Piercing Weapon Force Lance Build | -11 -10 -9 -8 -7 -7 -6 -5 -4 -4 -3 ------- Run | Yrd Mat Mat Mat Fac DSF Fac Fac Fac DSF Res Slots Evolved 14 | . . 2 2 2 . 2 2 2 . 2 Power 2 | . . . . . . 1 . . . 1 Propulsion 6 | . . 1 1 1 . 1 2 . . . Utility 4 | . . 1 . 1 . . . 2 . . Weapon 2 | . . . 1 . . . . . . 1 Parts Attached 99 | 7 . 9 16 3 9 15 14 . 16 10 Power 17 | 1 . 1 1 . 2 2 6 . 3 1 Engine 6 | 1 . 1 1 . . . 2 . 1 . Core 8 | . . . . . 2 2 4 . . . Reactor 3 | . . . . . . . . . 2 1 Propulsion 36 | 2 . 2 6 2 3 8 4 . 8 1 Treads . | . . . . . . . . . . . Leg 15 | 2 . 2 6 2 3 . . . . . Wheel 9 | . . . . . . . . . 8 1 Hover . | . . . . . . . . . . . Flight 12 | . . . . . . 8 4 . . . Utility 28 | 2 . 4 4 1 1 5 3 . 3 5 Device 18 | 1 . 2 2 . 1 4 3 . 1 4 Storage 3 | 1 . 1 1 . . . . . . . Processor 2 | . . 1 . . . 1 . . . . Hackware . | . . . . . . . . . . . Protection 5 | . . . 1 1 . . . . 2 1 Artifact . | . . . . . . . . . . . Weapon 18 | 2 . 2 5 . 3 . 1 . 2 3 Energy Gun 4 | 2 . . . . . . 1 . 1 . Energy Cannon 3 | . . . . . 3 . . . . . Ballistic Gun 6 | . . 2 4 . . . . . . . Ballistic Cannon 1 | . . . . . . . . . 1 . Launcher 1 | . . . 1 . . . . . . . Special Weapon . | . . . . . . . . . . . Impact Weapon . | . . . . . . . . . . . Slashing Weapon . | . . . . . . . . . . . Piercing Weapon 3 | . . . . . . . . . . 3 Special Melee Weapon . | . . . . . . . . . . . Unidentified Prototypes 3 | . . 1 1 . . . 1 . . . Parts Lost 38 | . . 2 1 . 7 2 3 . 1 22 Power 4 | . . . . . 1 . . . . 3 Propulsion 15 | . . . 1 . 3 1 2 . . 8 Utility 12 | . . 1 . . 2 1 1 . . 7 Weapon 7 | . . 1 . . 1 . . . 1 4 Highest Loss Streak 16 | . . 1 1 . 5 2 1 . 1 16 To Critical Strikes . | . . . . . . . . . . . Average Slot Usage (%) 87 | . 100 95 99 100 92 75 80 63 77 59 Engine 5 | . 14 11 9 7 . . 1 . 2 . Core 4 | . . . . . 5 13 8 5 3 . Leg 18 | . 28 33 35 38 35 . . . . . Wheel 2 | . . . . . . . . . 29 22 Flight 14 | . . . . . . 39 45 36 7 . Device 11 | . 14 16 9 7 6 11 10 10 12 10 Storage 7 | . 14 11 9 7 7 6 5 5 5 3 Processor 3 | . . 1 8 . . 3 5 5 4 . Protection 1 | . . . . 15 14 . . . 1 5 Energy Gun 7 | . 28 18 6 . . . . . 3 . Ballistic Gun 5 | . . 3 20 23 6 . . . . . Peak Build Rating 113 | 9 9 14 35 37 45 50 66 52 103 113 Average Rating 36 | 7 9 10 28 36 38 44 58 52 82 77 On Entrance 34 | . 9 9 14 31 37 32 48 52 52 100 Naked Turns 50 | . . . . . . . . . . 50 Heaviest Build 84 | 14 14 24 46 51 60 35 48 37 65 84 Greatest Support 128 | 20 20 30 72 79 79 36 48 42 128 128 Greatest Overweight (x) 15 | 1 . . . . . . 1 . 2 15 Average Overweight (x) . | . . . . . . . . . . . Largest Inventory Capacity 15 | 8 8 10 15 15 15 15 15 15 15 15 Average Capacity 12 | 7 8 9 12 15 15 15 15 15 15 13 Most Carried 15 | 3 7 7 15 11 15 15 15 15 15 15 Average Carried 9 | 1 4 5 10 9 10 14 13 15 13 9 Final Capacity 15 | 8 8 10 15 15 15 15 15 15 15 5 Final Carried 15 | 3 7 7 12 9 15 14 15 15 13 5 Class Distribution -------------------- 33% | Mutant 33% | Sprinter 12% | Skirmisher 7% | Tank 6% | Scavenger-Skirmisher 4% | Gladiator Dominant Class ---------------- Mutant | -10/Materials Mutant | -9/Materials Skirmisher | -8/Materials Tank | -7/Factory Tank | -7/DSF Sprinter | -6/Factory Sprinter | -5/Factory Sprinter | -4/Factory Mutant | -4/DSF Gladiator | -3/Research Resources | -11 -10 -9 -8 -7 -7 -6 -5 -4 -4 -3 ----------- Run | Yrd Mat Mat Mat Fac DSF Fac Fac Fac DSF Res Matter Collected 1425 | 270 . 126 377 . 240 . . . 135 277 Remotely 39 | . . . . . . . . . 39 . Salvage Created 2044 | 196 60 632 520 . 139 . . . 96 401 Parts 104 | 13 6 37 25 . 7 . . . . 16 Haulers Intercepted 3 | . 1 2 . . . . . . . . Recyclers Shooed 1 | 1 . . . . . . . . . . Parts Field Recycled . | . . . . . . . . . . . Retrieved Matter . | . . . . . . . . . . . Parts Self-Destructed . | . . . . . . . . . . . Prevented . | . . . . . . . . . . . Kills | -11 -10 -9 -8 -7 -7 -6 -5 -4 -4 -3 ------- Run | Yrd Mat Mat Mat Fac DSF Fac Fac Fac DSF Res Combat Hostiles Destroyed 36 | . . 16 11 . 2 . . . . 7 Melee 7 | . . . . . . . . . . 7 Guns 26 | . . 16 9 . 1 . . . . . Cannons 1 | . . . . . 1 . . . . . AOE 2 | . . . 2 . . . . . . . Classes Destroyed 11 | 3 2 3 1 . 1 . . . . 1 Worker 2 | 1 . . 1 . . . . . . . Tunneler 5 | 5 . . . . . . . . . . Hauler 3 | . 1 2 . . . . . . . . Recycler 1 | 1 . . . . . . . . . . Watcher 4 | . 1 1 2 . . . . . . . Swarmer 12 | . . 8 . . . . . . . 4 Grunt 14 | . . 5 7 . . . . . . 2 Sentry 4 | . . 3 1 . . . . . . . Specialist 2 | . . . . . 2 . . . . . Hunter 3 | . . . 3 . . . . . . . Behemoth 1 | . . . . . . . . . . 1 Best Kill Streak 7 | 3 1 7 7 . 1 . . . . 4 Combat Bots Only 7 | . . 7 5 . 1 . . . . 4 Max Kills in Single Turn 2 | 1 1 1 2 . 1 . . . . 1 Gunslinging . | . . . . . . . . . . . Exploded 1 | . . . 1 . . . . . . . Melee 1 | . . . . . . . . . . 1 Uniques/NPCs Destroyed . | . . . . . . . . . . . Combat | -11 -10 -9 -8 -7 -7 -6 -5 -4 -4 -3 -------- Run | Yrd Mat Mat Mat Fac DSF Fac Fac Fac DSF Res Hostile Shots Fired 656 | . . 80 113 . 73 34 35 . 117 204 Missed 193 | . . 27 30 . 23 17 13 . 34 49 Damage Taken 8689 | . . 595 1248 . 1070 321 371 . 1519 3565 Core 2204 | . . 189 148 . 133 94 59 . 259 1322 Absorbed by Shields 5 | . . . . . . 5 . . . . Redirected to Shielding 228 | . . . . . . . . . 8 220 Ignored by Resistances 129 | . . . . . . . . . . 129 Regen/Repaired (Parts) 85 | . . . 65 . . . 20 . . . Core Remaining (%) 83 | 100 100 52 73 . 81 88 94 . 77 . Volleys Fired 122 | 13 10 48 38 . 7 . . . 6 . Largest 3 | 2 2 2 3 . 3 . . . 1 . Hottest 138 | 90 90 90 98 . 138 . . . 75 . Shots Fired 281 | 26 20 95 114 . 20 . . . 6 . Gun 276 | 26 20 95 111 . 18 . . . 6 . Cannon 2 | . . . . . 2 . . . . . Launcher 3 | . . . 3 . . . . . . . Special . | . . . . . . . . . . . Kinetic 120 | . . 12 90 . 18 . . . . . Thermal 156 | 26 20 83 21 . . . . . 6 . Explosive 3 | . . . 3 . . . . . . . Electromagnetic 2 | . . . . . 2 . . . . . Robot Hit Streak 22 | 7 3 22 22 . 10 . . . . . Robot Miss Streak 6 | 1 6 6 4 . 1 . . . . . Penetration Max . | . . . . . . . . . . . Secondary Targets 3 | . . 3 . . . . . . . . Max Gunslinging Chain 1 | . . 1 . . . . . . . . Shots Hit Robots 204 | 17 6 68 70 . 16 . . . . 27 Core Hits 97 | 8 3 31 40 . 3 . . . . 12 Critical Kills . | . . . . . . . . . . . Critical Parts Destroyed 1 | . . . . . 1 . . . . . Critical Strikes 15 | 2 2 4 2 . 1 . . . . 4 Burn 10 | 2 2 4 2 . . . . . . . Destroy 1 | . . . . . 1 . . . . . Impale 4 | . . . . . . . . . . 4 Melee Attacks 35 | . . . . . . . . . . 35 Impact . | . . . . . . . . . . . Slashing . | . . . . . . . . . . . Piercing 35 | . . . . . . . . . . 35 Sneak Attacks . | . . . . . . . . . . . Combat Hostiles . | . . . . . . . . . . . Follow-up Attacks 11 | . . . . . . . . . . 11 Damage Inflicted 3895 | 204 69 810 1424 . 236 . . . . 1152 Guns 2225 | 204 69 810 929 . 213 . . . . . Cannons 23 | . . . . . 23 . . . . . Explosions 483 | . . . 483 . . . . . . . Melee 1135 | . . . . . . . . . . 1135 Ramming 29 | . . . 12 . . . . . . 17 Kinetic 1057 | . . 89 755 . 213 . . . . . Thermal 1168 | 204 69 721 174 . . . . . . . Explosive 483 | . . . 483 . . . . . . . Electromagnetic 23 | . . . . . 23 . . . . . Impact . | . . . . . . . . . . . Slashing . | . . . . . . . . . . . Piercing 1135 | . . . . . . . . . . 1135 Highest Corruption 5 | . . . . . . . 5 . . . Average Corruption 5 | . . . . . . . 5 . . . Corruption Purged . | . . . . . . . . . . . Corruption Blocked . | . . . . . . . . . . . Effects 1 | . . . . . . . 1 . . . Matter Fused 1 | . . . . . . . 1 . . . Overload Shots . | . . . . . . . . . . . Overflow Damage 61 | . . . . . . . . . . 61 Projectiles . | . . . . . . . . . . . Explosions . | . . . . . . . . . . . Melee 61 | . . . . . . . . . . 61 Knockbacks 1 | . . . 1 . . . . . . . Impact 1 | . . . 1 . . . . . . . Kinetic . | . . . . . . . . . . . Secondary . | . . . . . . . . . . . Self-Inflicted Damage 8 | . . . . . . . . . . 8 Shots . | . . . . . . . . . . . Rammed 2 | . . . . . . . . . . 2 Targets Rammed 5 | . . . 3 . . . . . . 2 Kicked 3 | . . . 3 . . . . . . . Crushed . | . . . . . . . . . . . Highest Temperature 325 | 90 180 33 49 . 27 320 96 . . 325 Average Temperature 62 | 35 72 13 16 . 18 89 28 . . 177 Received Heat Transfer 1787 | . . 204 216 . 54 18 9 . 450 836 Effects 1 | . . . . . . 1 . . . . Short Circuit 1 | . . . . . . 1 . . . . Siege Activations . | . . . . . . . . . . . Robots Corrupted . | . . . . . . . . . . . Combat Hostiles . | . . . . . . . . . . . Parts Fried . | . . . . . . . . . . . Impact Corruptions . | . . . . . . . . . . . Robots Melted . | . . . . . . . . . . . Combat Hostiles . | . . . . . . . . . . . Parts Melted 7 | 1 2 4 . . . . . . . . Heat Transferred 3958 | 693 322 2277 666 . . . . . . . Parts Sabotaged . | . . . . . . . . . . . Parts Stolen . | . . . . . . . . . . . Parts Stripped . | . . . . . . . . . . . Power Chain Reactions . | . . . . . . . . . . . Alert | -11 -10 -9 -8 -7 -7 -6 -5 -4 -4 -3 ------- Run | Yrd Mat Mat Mat Fac DSF Fac Fac Fac DSF Res Peak Influence 455 | 35 61 455 306 134 113 209 235 124 106 254 Initial 134 | . 22 . 126 134 93 53 72 114 86 59 Average 121 | 15 23 232 132 134 100 107 114 120 97 152 Maximum Alert Level 2 | . . 2 1 . . 1 1 . . 1 Low Security (%) 85 | 100 100 43 84 100 100 93 98 100 100 67 Level 1 14 | . . 50 15 . . 6 1 . . 32 Level 2 . | . . 5 . . . . . . . . Level 3 . | . . . . . . . . . . . Level 4 . | . . . . . . . . . . . Level 5 . | . . . . . . . . . . . High Security . | . . . . . . . . . . . Max Security . | . . . . . . . . . . . Squads Dispatched 13 | . . 3 1 . 1 5 1 1 1 . Investigation 5 | . . 1 1 . . 2 . 1 . . Extermination . | . . . . . . . . . . . Reinforcement 8 | . . 2 . . 1 3 1 . 1 . Assault . | . . . . . . . . . . . Garrison . | . . . . . . . . . . . Intercept . | . . . . . . . . . . . Searches Triggered . | . . . . . . . . . . . Construction Impeded . | . . . . . . . . . . . Haulers Reinforced . | . . . . . . . . . . . Active Scanning Responses . | . . . . . . . . . . . Cargo Convoy Interrupts . | . . . . . . . . . . . Stealth | -11 -10 -9 -8 -7 -7 -6 -5 -4 -4 -3 --------- Run | Yrd Mat Mat Mat Fac DSF Fac Fac Fac DSF Res Distress Signals 7 | . . 2 4 . . . 1 . . . Communications Jammed . | . . . . . . . . . . . Distress Signals . | . . . . . . . . . . . Times Spotted 131 | . 5 24 24 . 7 17 30 . 3 21 Peak Tracking Total 10 | . 3 8 7 . 4 5 10 . 3 7 Tactical Retreats 19 | . . 1 1 . 2 6 6 . 1 2 Traps | -11 -10 -9 -8 -7 -7 -6 -5 -4 -4 -3 ------- Run | Yrd Mat Mat Mat Fac DSF Fac Fac Fac DSF Res Traps Triggered 2 | . . . 1 . . 1 . . . . Indirectly . | . . . . . . . . . . . Trap Hack Attempts . | . . . . . . . . . . . Triggered . | . . . . . . . . . . . Disarmed . | . . . . . . . . . . . Reprogrammed . | . . . . . . . . . . . Reused . | . . . . . . . . . . . Traps Extracted . | . . . . . . . . . . . Installed . | . . . . . . . . . . . Triggered . | . . . . . . . . . . . Machines | -11 -10 -9 -8 -7 -7 -6 -5 -4 -4 -3 ---------- Run | Yrd Mat Mat Mat Fac DSF Fac Fac Fac DSF Res Machines Disabled 1 | . . . . . . . . . 1 . Max in Single Turn 1 | . . . . . . . . . 1 . Machines Repaired . | . . . . . . . . . . . Machines Dismantled . | . . . . . . . . . . . Machines Sabotaged . | . . . . . . . . . . . Overloaded Fab Kills . | . . . . . . . . . . . Hacking | -11 -10 -9 -8 -7 -7 -6 -5 -4 -4 -3 --------- Run | Yrd Mat Mat Mat Fac DSF Fac Fac Fac DSF Res Machines Accessed 27 | . 2 2 6 1 . 7 7 2 . . Terminals 16 | . 2 2 3 1 . 3 3 2 . . Fabricators 2 | . . . . . . 2 . . . . Repair Stations 4 | . . . 1 . . . 3 . . . Recycling Units 1 | . . . . . . 1 . . . . Scanalyzers 4 | . . . 2 . . 1 1 . . . Garrison Access . | . . . . . . . . . . . Total Hacks 85 | . 12 4 31 1 . 16 16 5 . . Successful 49 | . 6 1 21 1 . 11 7 2 . . Failed 36 | . 6 3 10 . . 5 9 3 . . Catastrophic 9 | . 1 1 . . . 2 4 1 . . Database Lockouts . | . . . . . . . . . . . Manual 34 | . 8 4 8 . . 7 4 3 . . Terminals 51 | . 12 4 13 1 . 6 10 5 . . Fabricators 3 | . . . . . . 3 . . . . Repair Stations 8 | . . . 3 . . . 5 . . . Recycling Units 3 | . . . . . . 3 . . . . Scanalyzers 20 | . . . 15 . . 4 1 . . . Garrison Access . | . . . . . . . . . . . Terminal Hacks 17 | . 4 . 6 1 . 1 3 2 . . Record 1 | . . . . . . . . 1 . . Open DSF 2 | . . . . 1 . . . 1 . . Level Access Points 1 | . 1 . . . . . . . . . Branch Access Points 1 | . 1 . . . . . . . . . Emergency Access Points 1 | . . . . . . 1 . . . . Alert Level 5 | . . . 3 . . . 2 . . . Unreport Threat 2 | . 1 . 1 . . . . . . . Zone Layout 4 | . 1 . 2 . . . 1 . . . Fabricator Hacks 2 | . . . . . . 2 . . . . Load Schematic 1 | . . . . . . 1 . . . . Build 1 | . . . . . . 1 . . . . Repair Station Hacks 6 | . . . 2 . . . 4 . . . Scan Component 3 | . . . 1 . . . 2 . . . Repair 3 | . . . 1 . . . 2 . . . Recycling Unit Hacks 1 | . . . . . . 1 . . . . Report Inventory 1 | . . . . . . 1 . . . . Scanalyzer 14 | . . . 11 . . 3 . . . . Insert Component 8 | . . . 6 . . 2 . . . . Analyze 6 | . . . 5 . . 1 . . . . Garrison Access Hacks . | . . . . . . . . . . . Unauthorized Hacks 9 | . 2 1 2 . . 4 . . . . Terminals 7 | . 2 1 2 . . 2 . . . . Track 1 | . . . . . . 1 . . . . Botnet 6 | . 2 1 2 . . 1 . . . . Fabricators . | . . . . . . . . . . . Repair Stations . | . . . . . . . . . . . Recycling Units 2 | . . . . . . 2 . . . . Mask 1 | . . . . . . 1 . . . . Tunnel 1 | . . . . . . 1 . . . . Scanalyzers . | . . . . . . . . . . . Garrison Access . | . . . . . . . . . . . Data Cores Recovered . | . . . . . . . . . . . Used . | . . . . . . . . . . . Hacking Detections 22 | . 2 2 6 . . 5 6 1 . . Full Trace Events 3 | . . 1 . . . 1 . 1 . . Feedback Events . | . . . . . . . . . . . Feedback Blocked . | . . . . . . . . . . . Robot Schematics Acquired . | . . . . . . . . . . . Robots Built . | . . . . . . . . . . . Authchips . | . . . . . . . . . . . Time . | . . . . . . . . . . . Total Robot Build Rating . | . . . . . . . . . . . Part Schematics Acquired 6 | . . . 5 . . 1 . . . . Parts Built 2 | . . . . . . 2 . . . . Authchips . | . . . . . . . . . . . Time 73 | . . . . . . 73 . . . . Total Part Build Rating 6 | . . . . . . 6 . . . . Parts Repaired 2 | . . . 1 . . . 1 . . . Time 107 | . . . 13 . . . 94 . . . Parts Recycled . | . . . . . . . . . . . Recycled Matter . | . . . . . . . . . . . Retrieved Matter . | . . . . . . . . . . . Retrieved Components . | . . . . . . . . . . . Parts Scanalyzed 8 | . . . 6 . . 2 . . . . Part Schematics Acquired 6 | . . . 5 . . 1 . . . . Parts Damaged 1 | . . . . . . 1 . . . . Bothacking | -11 -10 -9 -8 -7 -7 -6 -5 -4 -4 -3 ------------ Run | Yrd Mat Mat Mat Fac DSF Fac Fac Fac DSF Res Used RIF Installer . | . . . . . . . . . . . Robots Hacked . | . . . . . . . . . . . Non-combat . | . . . . . . . . . . . Combat . | . . . . . . . . . . . Robot Hacks Applied . | . . . . . . . . . . . Relay Couplers Released . | . . . . . . . . . . . Fabnet Peak Effective % . | . . . . . . . . . . . Robots Rewired . | . . . . . . . . . . . Allies Hacked . | . . . . . . . . . . . Hacks Repelled . | . . . . . . . . . . . Allies | -11 -10 -9 -8 -7 -7 -6 -5 -4 -4 -3 -------- Run | Yrd Mat Mat Mat Fac DSF Fac Fac Fac DSF Res Total Allies . | . . . . . . . . . . . Largest Group . | . . . . . . . . . . . Highest-Rated Group . | . . . . . . . . . . . Highest-Rated Ally . | . . . . . . . . . . . Total Orders . | . . . . . . . . . . . Ally Attacks . | . . . . . . . . . . . Total Damage . | . . . . . . . . . . . Kills . | . . . . . . . . . . . Allies Corrupted . | . . . . . . . . . . . Allies Melted . | . . . . . . . . . . . Intel | -11 -10 -9 -8 -7 -7 -6 -5 -4 -4 -3 ------- Run | Yrd Mat Mat Mat Fac DSF Fac Fac Fac DSF Res Robot Analysis Total . | . . . . . . . . . . . Derelict Logs Recovered . | . . . . . . . . . . . Drone Launches . | . . . . . . . . . . . Drone Recoveries . | . . . . . . . . . . . Exploration | -11 -10 -9 -8 -7 -7 -6 -5 -4 -4 -3 ------------- Run | Yrd Mat Mat Mat Fac DSF Fac Fac Fac DSF Res Turns Passed 3547 | 168 366 482 764 53 169 607 540 12 102 284 Spaces Moved 3823 | 95 276 230 484 42 93 1182 1061 53 75 232 Core 106 | 4 . . . . . . . . . 102 Treads . | . . . . . . . . . . . Legs 1216 | 91 276 230 484 42 93 . . . . . Wheels 189 | . . . . . . . . . 59 130 Hover . | . . . . . . . . . . . Flight 2312 | . . . . . . 1182 1061 53 16 . Fastest Speed 19 | 50 120 120 120 120 112 25 19 22 22 50 Average Speed 57 | 121 120 120 120 120 119 25 19 22 77 76 Slowest Speed 800 | 190 120 120 120 120 120 25 102 22 130 800 Overloaded Moves . | . . . . . . . . . . . Propulsion Burnouts . | . . . . . . . . . . . Robots Hopped 30 | . . . . . . 15 15 . . . Cave-ins Triggered . | . . . . . . . . . . . Exploration Rate (%) 30 | 6 43 31 42 1 71 36 29 2 70 9 Regions Visited 10 Branch Regions . Pre-discovered Areas 1 | . . . . . . 1 . . . . Known Exits Taken 3 | . 1 . . 1 . . . 1 . . Unknown Exits Taken 5 | 1 . 1 1 . . 1 1 . . . Scrap Searched . | . . . . . . . . . . . Spaces Dug . | . . . . . . . . . . . Terrain Destroyed 14 | . . . 14 . . . . . . . Melee . | . . . . . . . . . . . Projectile . | . . . . . . . . . . . AOE 14 | . . . 14 . . . . . . . Terrain Rammed . | . . . . . . . . . . . Walls Destroyed . | . . . . . . . . . . . Machines Disabled . | . . . . . . . . . . . Actions | -11 -10 -9 -8 -7 -7 -6 -5 -4 -4 -3 --------- Run | Yrd Mat Mat Mat Fac DSF Fac Fac Fac DSF Res Total 4831 | 118 291 339 596 44 139 1483 1372 52 112 285 Wait 659 | . 2 48 29 . 11 260 302 . 3 4 Move 3756 | 94 275 229 484 41 92 1152 1031 52 74 232 Hop 28 | . . . . . . 14 14 . . . Pick Up 58 | 4 4 2 14 . 12 8 5 . 1 8 Fast Attach 37 | 6 . 3 2 . 4 4 4 . 11 3 Attach 35 | 1 . 3 2 3 3 9 4 . 3 7 Detach 8 | . . . . . . 5 2 . 1 . Swap 27 | . . 3 12 . 2 2 6 . 2 . Drop 56 | . . 3 13 . 8 11 4 . 11 6 Fire 122 | 13 10 48 38 . 7 . . . 6 . Melee 23 | . . . . . . . . . . 23 Ram 2 | . . . . . . . . . . 2 Kick 2 | . . . 2 . . . . . . . Crush . | . . . . . . . . . . . Escape Stasis 18 | . . . . . . 18 . . . . Rewire . | . . . . . . . . . . . Trap . | . . . . . . . . . . . Miscellaneous . | . . . . . . . . . . . Route ------- -11/Scrapyard -10/Materials (discovered 4 exits: *Mat x3 / *Min) -9/Materials -8/Materials -7/Factory -7/DSF -6/Factory -5/Factory -4/Factory -4/DSF -3/Research History --------- Turn | Location | Event 21 | -11/Scrapyard | Discovered new exit (range 14) 169 | -11/Scrapyard | Entered Materials 303 | -10/Materials | Build established: Mutant 326 | -10/Materials | Discovered new exit (range 9) 390 | -10/Materials | Discovered new exit (range 14) 465 | -10/Materials | Discovered new exit (range 21) 478 | -10/Materials | Identified exit to Materials 478 | -10/Materials | Identified exit to Mines 535 | -10/Materials | Entered another Materials area 535 | -9/Materials | Evolved 2 slots: Propulsion x1, Utility x1 797 | -9/Materials | Destroyed 7 combat bots 999 | -9/Materials | Discovered new exit (range 9) 1017 | -9/Materials | Entered another Materials area 1017 | -8/Materials | Evolved 2 slots: Propulsion x1, Weapon x1 1064 | -8/Materials | Repaired Aluminum Leg 1548 | -8/Materials | Build established: Skirmisher 1767 | -8/Materials | Discovered new exit (range 11) 1781 | -8/Materials | Entered Factory 1781 | -7/Factory | Evolved 2 slots: Propulsion x1, Utility x1 1834 | -7/Factory | Identified exit to DSF 1834 | -7/Factory | Entered DSF 1933 | -7/DSF | Additional patrols routed to DSF 1974 | -7/DSF | Discovered new exit (range 16) 2003 | -7/DSF | Entered Factory 2003 | -6/Factory | Evolved 2 slots: Power x1, Propulsion x1 2029 | -6/Factory | Lost 5 parts (2n2u1w) 2037 | -6/Factory | Spotted B-75 Beast 2286 | -6/Factory | Build established: Sprinter 2565 | -6/Factory | Fabricated Imp. Heat Sink? 2590 | -6/Factory | Discovered new exit (range 16) 2610 | -6/Factory | Entered another Factory area 2610 | -5/Factory | Evolved 2 slots: Propulsion x2 2819 | -5/Factory | Repaired Cloaking Device 3144 | -5/Factory | Discovered new exit (range 7) 3150 | -5/Factory | Entered another Factory area 3150 | -4/Factory | Evolved 2 slots: Utility x2 3159 | -4/Factory | Identified exit to DSF 3162 | -4/Factory | Entered DSF 3218 | -4/DSF | Additional patrols routed to DSF 3244 | -4/DSF | Discovered new exit (range 14) 3248 | -4/DSF | Found Powered Armor 3264 | -4/DSF | Entered Research 3264 | -3/Research | Evolved 2 slots: Power x1, Weapon x1 3408 | -3/Research | Lost 6 parts (2n3u1w) 3427 | -3/Research | Spotted B-86 Titan 3452 | -3/Research | Destroyed B-86 Titan 3498 | -3/Research | Released all parts (3) 3499 | -3/Research | Core integrity fell below 50% 3502 | -3/Research | Spotted B-86 Titan 3528 | -3/Research | Lost 16 parts (3p6n4u3w) 3531 | -3/Research | Core integrity fell below 20% 3548 | -3/Research | Destroyed by H-71 Marshal with Heavy Mass Driver Last Messages --------------- 03488_ Penetrated by Slug. 03488_ Slug penetrates Wall. 03492_ Force Lance destroyed. 03493_ Slug penetrates Wall. 03493_ Critical hit (Burn: +50). 03496_ Penetrated by Slug. 03496_ Force Lance destroyed. 03496_ Adv. Cooling System destroyed. 03497_ Imp. Actuator Array destroyed. 03498_ Released Imp. Actuator Array. 03498_ Released Lrg. Storage Unit. 03498_ Released Imp. Focal Shield. 03498_ Acquired 35 matter. 03502_ Knocked back. 03502_ Penetrated by Slug. 03502_ Slug penetrates Wall. 03506_ Penetrated by Slug. 03507_ K-01 Serf cleans the Meson Extractor. 03530_ Slug penetrates Meson Extractor. 03536_ ALERT: Security rotation in progress. Map ----- +----------------------------------------------------+ | ?????????????????????????????????????????????????? | | ?????????????????????????????????????????????????? | | ?????????????????????????????????????????????????? | | ?????????????????????????????????????????????????? | | ?????????????????????????????????????????????????? | | ?????????????????????????????????????????????????? | | ?????????????????????????????????????????????????? | | ?????????????????????????????????????????????????? | | ?????????????????????????????????????????????????? | | ?????????????????????????????????????????????????? | | ????????????????????????# ?????????????????????? | | ???????????????????????? #????????????????????? | | ???????????????????????? #????????????????????? | | ???????????????????????? #????????????????????? | | ???????????????????????? #??+### ????????????? | | ???????????????????????? ### ????????????? | | ???????????????????????? R ?????????????? | | ???????????????????????? ??????????????? | | ???????????????????????? ???????????????? | | ???????????????????????? = #????????????????? | | ???????????????????????? #????????????????? | | ????????????????????????# #????????????????? | | ????????????????????????# ?????????????????? | | ????????????????????????#H!w ???????????????????? | | ????????????????????????+% ?????????????????????? | | ????????????????????????#@#??????????????????????? | | ????????????????????????# #??????????????????????? | | ??????????????????????### ###????????????????????? | | ??????????????????????# #????????????????????? | | ???????# ######### #????????????????????? | | ???????# +????????????????????? | | ?????????????####### ## ! [ #????????????????????? | | ???????????????????# ## #????????????????????? | | ?????????????????### ########????????????????????? | | ?????????????????# # #????????????????????? | | ??????????######## " # #????????????????????? | | ??????????? "T + #????????????????????? | | ??????????######## # #????????????????????? | | ?????????????????#! # #????????????????????? | | ?????????????????## ##? #????????????????????? | | ??????????????????# #?? #????????????????????? | | ??????????????????# #??? #????????????????????? | | ??????????????????# #??? #????????????????????? | | ??????????????????# #????##????????????????????? | | ??????????????????# #??????????????????????????? | | ??????????????#???# #??#####???????????????????? | | ???????????### #??# #?? #???????????????????? | | ??????????? ??# #? #???????????????????? | | ??????????? #?# #? #???????????????????? | | ???????????" #?# # #???????????????????? | +----------------------------------------------------+ Best States ------------- Heat Dissipation 77 Energy Generation 49 Energy Capacity 515 Matter Stores 300 Matter Capacity 300 Sight Range 18 Robot Scan Range 16 Terrain Scan Range 20 Terrain Scan Density 85 Cloak Strength 2 Armor Coverage 400 Resistance: KI 25 Utility Shielding 66 Evasion (%) 66 Item Schematics ----------------- Imp. Flight Unit | -8/Materials | Scanalyzed Imp. Heat Sink | -8/Materials | Scanalyzed Seismic Detector | -8/Materials | Scanalyzed Grenade Launcher | -8/Materials | Scanalyzed Hrd. Medium Armor Plating | -8/Materials | Scanalyzed Xenon Bombardment Thruster | -6/Factory | Scanalyzed Robot Schematics ------------------ None Fabricated ------------ Imp. Heat Sink | x2 | -6/Factory Alien Tech Used ----------------- None Achievements -------------- None Challenges ------------ None Game ------ Seed AerolevDefensePod Manual? 0 Play Time 01:01:24 Cumulative 65.6 hours Start 2025.03.13 @ 12:29:42 End 2025.03.13 @ 14:10:46 Sessions 3 Manual Loads 0 Difficulty Rogue Special Mode None Game No. 95 Rogue 95 Adventurer 0 Explorer 0 Win Type - Total 1 Types 1/0/0/0/0/0/0/0/0 Lore% 29 Gallery% 42 Achievement% 37 Wizard Run 0 Options --------- Layout 1 ASCII 1 Keyboard 0 Movement Numpad Keybinds 0 Fullscreen 1 Font 48/Smallcaps Map View 76x35 Zoom Use 0% Tactical HUD 1 Map Filters NONE Filters NONE Steam 1 RUN: d0107300-ef46-4efd-a084-c00cf4433db9